 Dungeon Sprint DCSS version 0.19-a0-1513-gf6d23ed (webtiles) character file.

135 poirepourri the Covert (level 4, -3/21 HPs)
             Began as a Spriggan Enchanter on Sept 12, 2016.
             Was an Initiate of Dithmenos.
             Killed from afar by an oklob sapling wizard (14 damage)
             ... with a splash of acid
             ... in the Dungeon (Sprint IV: "Fedhas' Mad Dash").
             The game lasted 00:01:15 (487 turns).

poirepourri the Covert (Spriggan Enchanter)          Turns: 487, Time: 00:01:15

Health: -3/21      AC:  3    Str:  4    XL:     4   Next: 96%
Magic:  5/11       EV: 19    Int: 16    God:    Dithmenos [......]
Gold:   85         SH:  0    Dex: 17    Spells: 4 memorised, 2 levels left

rFire  . . .     SeeInvis +     a - +1 dagger
rCold  . . .     Gourm    .     b - +1 robe
rNeg   . . .     Faith    .     (shield restricted)
rPois  .         Spirit   .     (helmet restricted)
rElec  .         Dismiss  .     (no cloak)
rCorr  .         Reflect  .     (gloves unavailable)
MR     .....     Harm     .     (boots unavailable)
Stlth  ++++++.... NoTele   +    k - amulet of invisibility {+Inv}
                                (no ring)
                                (no ring)

@: very quick
A: unfitting armour, see invisible, herbivore 3, speed 3, slow metabolism 2
a: Renounce Religion, Evoke Invisibility


You were in the Dungeon.
You worshipped Dithmenos.
Dithmenos was noncommittal.
You were not hungry.

You visited 1 branch You collected 85 gold pieces.

Inventory:

Hand Weapons
 a - a +1 dagger (weapon)
Armour
 b - a +1 robe (worn)
Jewellery
 k - the amulet of invisibility (around neck) {+Inv}
   (You found it in the Dungeon)

   [amulet of nothing]

   It lets you turn invisible.
Scrolls
 j - a scroll of blinking
Potions
 e - a potion of curing
 f - a potion of heal wounds
 g - a potion of haste
 h - 2 potions of magic
 i - a potion of might {unknown}
Books
 c - a book of Maledictions

   Spells                             Type                      Level
   a - Corona                         Hexes                        1
   b - Ensorcelled Hibernation        Hexes/Ice                    2
   c - Confuse                        Hexes                        3
   d - Tukima's Dance                 Hexes                        3
   e - Dazzling Spray                 Conjuration/Hexes            3
Comestibles
 d - a bread ration


   Skills:
 + Level 2.2 Short Blades
 + Level 3.5 Dodging
 + Level 13.2 Stealth
 + Level 4.2 Spellcasting
 + Level 5.6 Hexes


You had 2 spell levels left.
You knew the following spells:

 Your Spells              Type           Power        Failure   Level  Hunger
a - Corona                Hex            ###....      1%          1    None
b - Ensorcelled Hibernat  Hex/Ice        ##....       10%         2    ##.....
c - Confuse               Hex            ###.....     6%          3    ###....
d - Tukima's Dance        Hex            ###.....     6%          3    ###....


Dungeon Overview and Level Annotations

Branches:
Dungeon (1/1)

Altars:
Cheibriados
Dithmenos
Elyvilon
Gozag
Hepliaklqana
Kikubaaqudgha
Makhleb
Nemelex Xobeh
Okawaru
Qazlal
Ru
Sif Muna
Trog
Uskayaw
Vehumet
Xom
Yredelemnul
Zin
The Shining One
Beogh
Jiyva
Lugonu

Annotations:
D exclusion: oklob sapling


Innate Abilities, Weirdness & Mutations

You are tiny and cannot use many weapons and most armour.
You have supernaturally acute eyesight. (SInv)
You are a herbivore.
You cover ground extremely quickly.
You need consume almost no food.


Message History

You hit the oklob sapling wizard but do no damage.
Unknown command.
Casting: Confuse
Confirm with . or Enter, or press ? or * to list all spells.
Aiming: Confuse
Press: ? - help, Shift-Dir - straight line, f - oklob sapling wizard
Aim: an oklob sapling wizard (chance to defeat MR: 50%)
The oklob sapling wizard resists with significant effort.
The oklob sapling wizard casts a spell at you.
The magic dart hits you!
Casting: Confuse
Confirm with . or Enter, or press ? or * to list all spells.
Aiming: Confuse
Press: ? - help, Shift-Dir - straight line, f/p - oklob sapling wizard
Aim: an oklob sapling wizard (chance to defeat MR: 50%)
The oklob sapling wizard resists with significant effort.
The oklob sapling wizard spits acid at you.
The splash of acid hits you!
Ouch! That really hurt!
You die...

###################
.#.⌠._._._._.⌠.#.$+
.'.._._._._._..'@P#
.#..._._._._...#..#
##.._._._._._..#.$#
.#.⌠._._._._.⌠.####
.############### ##


You could see an oklob sapling wizard.

Vanquished Creatures
  3 oklob saplings (D)
  A worker ant (D)
  A river rat (D)
  A rat (D)
6 creatures vanquished.

Notes
Turn   | Place    | Note
-------+----------+-------------------------------------------
     0 | D        | poirepourri the Spriggan Enchanter began the quest for the Orb.
     0 | D        | Reached XP level 1. HP: 9/9 MP: 5/5
    16 | D        | Reached skill level 5 in Stealth
    17 | D        | Reached skill level 7 in Stealth
    17 | D        | Reached XP level 2. HP: 13/13 MP: 4/6
    27 | D        | Learned a level 2 spell: Ensorcelled Hibernation
    43 | D        | Noticed an oklob sapling
    45 | D        | Killed an oklob sapling
    45 | D        | Reached skill level 10 in Stealth
    45 | D        | Reached XP level 3. HP: 16/16 MP: 8/8
   141 | D        | Reached skill level 11 in Stealth
   165 | D        | Learned a level 3 spell: Confuse
   170 | D        | Noticed an oklob sapling
   335 | D        | Killed an oklob sapling
   335 | D        | Reached skill level 12 in Stealth
   335 | D        | Reached XP level 4. HP: 21/21 MP: 9/9
   449 | D        | Learned a level 3 spell: Tukima's Dance
   451 | D        | Found an opulent altar of Gozag.
   451 | D        | Found a hazy altar of Hepliaklqana.
   451 | D        | Found a burning altar of Makhleb.
   451 | D        | Found a roughly hewn altar of Beogh.
   451 | D        | Found a sparkling altar of Nemelex Xobeh.
   451 | D        | Found a snail-covered altar of Cheibriados.
   451 | D        | Found a sacrificial altar of Ru.
   451 | D        | Found a deep blue altar of Sif Muna.
   451 | D        | Found a shimmering altar of Xom.
   451 | D        | Found a basalt altar of Yredelemnul.
   452 | D        | Found a viscous altar of Jiyva.
   452 | D        | Found a bloodstained altar of Trog.
   453 | D        | Found an iron altar of Okawaru.
   453 | D        | Found a shadowy altar of Dithmenos.
   453 | D        | Found a glowing silver altar of Zin.
   454 | D        | Found an ancient bone altar of Kikubaaqudgha.
   454 | D        | Found a hide-covered altar of Uskayaw.
   455 | D        | Found a stormy altar of Qazlal.
   455 | D        | Found a white marble altar of Elyvilon.
   455 | D        | Found a glowing golden altar of the Shining One.
   456 | D        | Found a corrupted altar of Lugonu.
   456 | D        | Found a radiant altar of Vehumet.
   459 | D        | Reached skill level 13 in Stealth
   459 | D        | Reached skill level 5 in Hexes
   464 | D        | Became a worshipper of Dithmenos the Shadowed
   487 | D        | Killed from afar by an oklob sapling wizard

Vault maps used:
D:        dungeon_sprint_fedhas

Skill      XL: |  1  2  3  4 |
---------------+-------------+-----
Stealth        | 7 10 12 13 | 13.2
Short Blades   | 2 |  2.2
Spellcasting   | 3 4 |  4.2
Hexes          | 4 5 |  5.6
Dodging        | |  3.5

Action                   |  1- 3 |  4- 6 || total
-------------------------+-------+-------++-------
Melee: Dagger            |     8 |     3 ||    11
 Cast: Corona            |     1 |       ||     1
       Confuse           |     1 |     2 ||     3
  Use: Potion            |     1 |       ||     1
 Stab: Sleeping          |     2 |     1 ||     3
       Distracted        |     1 |       ||     1
Dodge: Dodged            |     3 |       ||     3
